 Dungeon Crawl Stone Soup version 0.31.0-12-g77e489cdc1 (webtiles) character file.

Game seed: 14909871093345869485

12152 cdecastro the Mimic (level 11, -13/99 HPs)
             Began as a Grey Draconian Shapeshifter on Feb 15, 2024.
             Was a Believer of Ru.
             Mangled by a manticore (20 damage)
             ... on level 11 of the Dungeon.
             The game lasted 00:17:17 (9823 turns).

cdecastro the Mimic (Grey Draconian Shapeshifter)   Turns: 9823, Time: 00:17:18

Health: -13/99     AC: 13    Str: 18    XL:     11   Next: 58%
Magic:  11/11      EV: 16    Int: 10    God:    Ru [**....]
Gold:   416        SH:  0    Dex: 14    Spells: 10/10 levels left

rFire   . .          .
                       - Unarmed
rCold   . . .        (shield currently unavailable)
rNeg    . . .        (body armour unavailable)
rPois   .            (helmet restricted)
rElec   .            (no cloak)
rCorr   .            C - +0 pair of gloves
SInv    .            (no boots)
Will    .....        (no amulet) Stlth
                     (no ring)
HPRegen 0.36/turn    (no ring)
MPRegen 0.12/turn

%: no passive effects
@: flux-form, glowing
A: glow, contaminating, AC +12, amphibious, unfitting armour, cold-blooded, no
stealth, hated by all
a: Begin Untransformation, Renounce Religion


You were on level 11 of the Dungeon.
You worshipped Ru.
Ru was pleased with you.
You were something dangerously unstable.
You visited 2 branches of the dungeon, and saw 12 of its levels.

You collected 416 gold pieces.

Inventory:

Armour
 C - a +0 pair of gloves (worn)
Magical Staves
 t - a staff of death
Talismans
 b - a beast talisman
 c - a flux talisman (active)
 A - a serpent talisman
Wands
 l - a wand of polymorph (3)
 s - a wand of flame (14)
 v - a wand of iceblast (8)
 y - a wand of charming (9)
Scrolls
 a - 3 scrolls of identify {unknown}
 d - a scroll of blinking {unknown}
 e - a scroll of enchant armour {unknown}
 i - a scroll of butterflies {unknown}
 j - 4 scrolls of teleportation
 m - a scroll of poison {unknown}
 r - a scroll of immolation {unknown}
 u - a scroll of vulnerability {unknown}
 x - a scroll of acquirement {unknown}
 z - a scroll of fear {unknown}
 B - a scroll of amnesia {unknown}
 F - 2 scrolls of revelation {unknown}
Potions
 f - a potion of cancellation {unknown}
 g - 2 potions of attraction {unknown}
 h - 3 potions of invisibility {unknown}
 k - 3 potions of curing {unknown}
 n - a potion of brilliance {unknown}
 o - a potion of haste {unknown}
 p - a potion of mutation {unknown}
 q - 4 potions of resistance {unknown}
 w - a potion of might {unknown}
 D - a potion of magic {unknown}
 E - a potion of degeneration {unknown}


   Skills:
 - Level 10.0 Fighting
 - Level 1.7 Dodging
 - Level 11.0 Unarmed Combat
 + Level 12.0 Shapeshifting


You had 10 spell levels left.
You didn't know any spells.
Your spell library contained the following spells:

 Spells                   Type           Power      Damage    Failure   Level
 Apportation              Tloc           0%         N/A       36%         1
 Sandblast                Erth           0%         2d4       36%         1
 Blink                    Tloc           0%         N/A       50%         2
 Ensorcelled Hibernation  Hex/Ice        0%         N/A       50%         2
 Jinxbite                 Hex            0%         N/A       50%         2
 Lesser Beckoning         Tloc           0%         N/A       50%         2
 Momentum Strike          Conj/Tloc      0%         3d8       50%         2
 Inner Flame              Hex/Fire       0%         N/A       75%         3
 Passwall                 Erth           0%         N/A       75%         3
 Stone Arrow              Conj/Erth      0%         3d7       75%         3
 Swiftness                Air            0%         N/A       75%         3
 Volatile Blastmotes      Fire/Tloc      0%         2d10      75%         3
 Brom's Barrelling Bould  Conj/Erth      0%         2d3       98%         4
 Flame Wave               Conj/Fire      0%         2d4       98%         4
 Fulminant Prism          Conj/Alch      0%         3d5       98%         4
 Iskenderun's Mystic Bla  Conj/Tloc      0%         2d3       98%         4
 Sticky Flame             Fire/Alch      0%         2d4       98%         4
 Alistair's Intoxication  Alch           0%         N/A       100%        5
 Summon Small Mammal      Summ           Unusable   N/A       N/A         1

Dungeon Overview and Level Annotations

Branches:
Dungeon (11/15)            Temple (1/1) D:7            Lair (0/5) D:8
    Orc (0/2) D:11

Altars:
Ashenzari
Cheibriados
Dithmenos
Elyvilon
Gozag
Kikubaaqudgha
Makhleb
Nemelex Xobeh
Okawaru
Qazlal
Ru
Sif Muna
Trog
Uskayaw
Vehumet
Wu Jian
Xom
Zin
The Shining One

Shops:
D:3 :

Annotations:
D:3 3 runed translucent doors, Echelon's ghost, amateur HuFi
D:4 Eustachio
D:10 Erolcha; Lodul
D:11 4 runed translucent doors


Innate Abilities, Weirdness & Mutations

You are something dangerously unstable.
You glow with magical radiation, making you easy to see and hit.
Foes you strike become dangerously contaminated with magical radiation.
You are incapable of wielding weapons or throwing items.
Your dull iron-grey scales are very hard. (AC +12)
You are amphibious.
You cannot fit into any form of body armour.
You are cold-blooded and may be slowed by cold attacks.
You cannot be stealthy.
You are hated by all.


Message History

The eight-headed hydra misses you.
The eight-headed hydra bites you but does no damage.
The eight-headed hydra misses you.
The eight-headed hydra barely misses you. x2
The eight-headed hydra bites you but does no damage.
The eight-headed hydra misses you. x2
The manticore bites you but does no damage.
The manticore claws you.
* * * LOW HITPOINT WARNING * * *
The manticore claws you!
* * * LOW HITPOINT WARNING * * *
You hit the eight-headed hydra.
The eight-headed hydra glows dangerously bright.
The eight-headed hydra is severely wounded.
Unknown command.
You punch the eight-headed hydra!
The eight-headed hydra shudders as magic cascades through it!!
You kill the eight-headed hydra!
The manticore bites you.
* * * LOW HITPOINT WARNING * * *
The manticore completely misses you.
The manticore claws you but does no damage.
Your Shapeshifting skill increases to level 12!
Found a warped rapier.
The manticore barely misses you.
The manticore claws you but does no damage.
The manticore claws you!
* * * LOW HITPOINT WARNING * * *
You see here a hydra corpse.
Unknown command.
You hit the manticore.
The manticore begins to glow.
The manticore is lightly wounded.
The manticore bites you!
* * * LOW HITPOINT WARNING * * *
The manticore claws you.
* * * LOW HITPOINT WARNING * * *
The manticore claws you but does no damage.
You punch the manticore!
The manticore glows dangerously bright.
The manticore is lightly wounded.
The manticore bites you!!
You die...

.# #................#
.#############........
.............'........
###.#######.##........
#.#######.##........
#.##................
#.#..######..######.
#...## ####H...##
#...# #.p###.# #.#.#
#.##.#.# #.#.#
#.#.##.# #. #.#.#
#)##)#.# .. #.#.##
###..(##.# #.#..###+#
#'###..#
#.##.....######.....#
#...###.##8[=8##.####
###.###.#8....8#..#


You could see a manticore (heavy contam).

Vanquished Creatures
  Harold (D:8)
  A hydra (D:11)
  2 two-headed ogres (D:9)
  Pikel (D:5)
  A cyclops (D:11)
  A manticore (D:11)
  A troll (D:10)
  A wyvern (D:8)
  3 wraiths
  11 yaks
  Grum (D:9)
  3 vampire mosquitoes (D:11)
  A basilisk (D:8)
  3 steam dragons (D:8)
  Menkaure (D:7)
  An acid dragon (D:10)
  2 water moccasins
  6 orc warriors
  2 black bears
  3 sky beasts
  3 ogres
  3 wolves (D:9)
  5 centaurs
  3 lemures (D:5)
  3 phantoms
  2 bullfrogs
  A gnoll sergeant (D:7)
  5 scorpions
  8 wights
  11 killer bees
  5 howler monkeys
  2 hounds
  A jelly (D:5)
  3 bombardier beetles
  A gnoll bouda (D:9)
  4 orc priests
  4 iguanas
  15 orc wizards
  9 adders
  10 gnolls
  A shadow imp (D:5)
  2 white imps
  6 ufetubi
  A dart slug (D:5)
  A ribbon worm (D:3)
  35 orcs
  4 bats
  9 endoplasms
  4 giant cockroaches
  9 goblins
  7 hobgoblins
  3 jackals (D:1)
  3 quokkas
  4 ball pythons
  4 frilled lizards
  7 kobolds
  2 rats
246 creatures vanquished.

Notes
Turn   | Place    | Note
-------+----------+-------------------------------------------
     0 | D:1      | cdecastro the Draconian Shapeshifter began the quest for
                  | the Orb.
     0 | D:1      | Reached XP level 1. HP: 16/16 MP: 1/1
    94 | D:1      | Reached XP level 2. HP: 23/23 MP: 2/2
   654 | D:2      | Reached XP level 3. HP: 25/28 MP: 3/3
  1423 | D:3      | Reached XP level 4. HP: 35/35 MP: 4/4
  1560 | D:3      | Noticed a scorpion
  1567 | D:3      | a scorpion changed into a centaur
  1567 | D:3      | Noticed a centaur
  1572 | D:3      | Killed a centaur
  1573 | D:3      | Reached skill level 5 in Unarmed Combat
  1573 | D:3      | Reached skill level 4 in Shapeshifting
  1573 | D:3      | Reached XP level 5. HP: 27/40 MP: 5/5
  1952 | D:3      | Found a runed translucent gate.
  1953 | D:3      | Found a runed translucent gate.
  1954 | D:3      | Found a runed translucent gate.
  1955 | D:3      | Noticed Echelon's ghost (amateur HuFi)
  2141 | D:3      | Found Ratzutuc's Book Shoppe.
  2287 | D:4      | Noticed Eustachio
  2633 | D:3      | Reached XP level 6. HP: 9/47 MP: 6/6
  2903 | D:5      | Entered Level 5 of the Dungeon
  2915 | D:5      | Noticed an ice beast
  2919 | D:5      | an ice beast changed into an iguana
  3036 | D:5      | Noticed a water moccasin
  3070 | D:5      | Killed a water moccasin
  3071 | D:5      | Reached skill level 5 in Shapeshifting
  3071 | D:5      | Your scales start taking on a dull iron-grey colour.
  3071 | D:5      | Reached XP level 7. HP: 16/52 MP: 7/7
  3336 | D:5      | Found a radiant altar of Vehumet.
  3348 | D:5      | Found an ancient bone altar of Kikubaaqudgha.
  3362 | D:5      | Found a shimmering blue altar of Sif Muna.
  3423 | D:5      | Got Sif Muna's Essays on Convocation
  3752 | D:5      | Reached XP level 8. HP: 19/59 MP: 8/8
  4018 | D:5      | Noticed Pikel
  4040 | D:5      | Killed Pikel
  4041 | D:5      | Reached skill level 6 in Shapeshifting
  4490 | D:6      | Found a sacrificial altar of Ru.
  4578 | D:6      | Became a worshipper of Ru the Awakened
  4699 | D:6      | Reached skill level 10 in Unarmed Combat
  4715 | D:6      | Reached XP level 9. HP: 61/64 MP: 9/9
  4721 | D:5      | Reached skill level 7 in Shapeshifting
  5015 | D:6      | Identified the +6 quarterstaff of Mistru {elec, +Blink
                  | rPois Will- Str+8}
  5144 | D:6      | Found a glowing golden altar of the Shining One.
  5544 | D:7      | Noticed Menkaure
  5576 | D:7      | Killed Menkaure
  5737 | D:7      | Reached skill level 8 in Shapeshifting
  5788 | D:7      | Found a staircase to the Ecumenical Temple.
  5797 | Temple   | Entered the Ecumenical Temple
  6079 | D:8      | Gained mutation: You are hated by all. [Ru sacrifice]
  6079 | D:8      | Reached * piety under Ru
  6129 | D:7      | Reached skill level 5 in Fighting
  6747 | D:8      | Reached XP level 10. HP: 64/82 MP: 10/10
  7081 | D:8      | Found a staircase to the Lair.
  7411 | D:8      | Found a snail-covered altar of Cheibriados.
  7446 | D:8      | Found a shadowy altar of Dithmenos.
  7569 | D:9      | Noticed a two-headed ogre
  7895 | D:9      | Reached skill level 9 in Shapeshifting
  8063 | D:9      | Noticed Grum
  8087 | D:9      | Killed Grum
  8133 | D:9      | Noticed Harold
  8199 | D:8      | Killed Harold
  8451 | D:9      | Killed a two-headed ogre
  8609 | D:9      | Noticed a two-headed ogre
  8617 | D:9      | Killed a two-headed ogre
  8618 | D:9      | Reached XP level 11. HP: 79/99 MP: 11/11
  8707 | D:9      | Reached skill level 10 in Fighting
  8901 | D:9      | Reached skill level 10 in Shapeshifting
  9042 | D:10     | Entered Level 10 of the Dungeon
  9042 | D:10     | Noticed Lodul
  9349 | D:10     | Noticed Erolcha
  9368 | D:11     | Reached skill level 11 in Shapeshifting
  9577 | D:11     | Found a large runed translucent door.
  9577 | D:11     | Found a large runed translucent door.
  9579 | D:11     | Noticed an arcanist
  9625 | D:11     | Found a large runed translucent door.
  9625 | D:11     | Found a large runed translucent door.
  9639 | D:11     | Found a staircase to the Orcish Mines.
  9685 | D:11     | Gained mutation: You cannot be stealthy. [Ru sacrifice]
  9685 | D:11     | Reached ** piety under Ru
  9813 | D:11     | Noticed an eight-headed hydra
  9820 | D:11     | Killed an eight-headed hydra
  9821 | D:11     | Reached skill level 12 in Shapeshifting
  9823 | D:11     | Mangled by a manticore

Illustrated notes

Levels and vault maps discovered:
D:1:      psy_arrival_whirlpool, layout_basic
D:2:      layout_loops_corners
D:3:      layout_basic, ebering_ghost_rock_garden, serial_shops, shop,
          minmay_misc_feat_square
D:4:      dreamdust_elfheim, layout_layer_cave, uniq_eustachio
D:5:      layout_loops_ring, palyth_temple_overflow_mages, uniq_pikel
D:6:      layout_rooms, overflow_temple_1_default, tso_altar
D:7:      layout_rooms, minmay_temple_entry_ruins, dreamdust_princess_bridge,
          uniq_menkaure
D:8:      cheibrodos_steamvent, layout_loops_ring, lemuel_doored_altar,
          mainiacjoe_overflow_divided_tiny, david_lair_generic
D:9:      layout_rooms, uniq_harold, uniq_grum
D:10:     layout_roguey, uniq_erolcha, uniq_lodul
D:11:     layout_basic, orc_0_dummy, hangedman_decor_push,
          minmay_hollow_rounded_squares
Temple:   eino_temple_lava

Skill      XL: |  1  2  3  4  5  6  7  8  9 10 11 |
---------------+----------------------------------+-----
Unarmed Combat | 4 5 6 8 10 11 | 11.0
Shapeshifting  | 4 5 6 8 9 12 | 12.0
Fighting       | 5 9 10 | 10.0
Dodging        | |  1.7

Action                     |  1- 3 |  4- 6 |  7- 9 | 10-12 || total
---------------------------+-------+-------+-------+-------++-------
  Melee: Unarmed           |   118 |   124 |   330 |   319 ||   891
         Tailslap          |    10 |    13 |    42 |    64 ||   129
         Punch             |       |     2 |    23 |     2 ||    27
 Invoke: Sacrifice Love    |       |       |     1 |       ||     1
         Sacrifice Stealth |       |       |       |     1 ||     1
  Evoke: Wand              |       |     5 |       |       ||     5
    Use: Potion            |       |     1 |       |       ||     1
         Scroll            |       |       |       |     1 ||     1
 Armour: Skin              |    48 |    85 |   211 |   226 ||   570
  Dodge: Dodged            |    66 |    62 |   149 |   236 ||   513
   Form: Flux              |       |       |       |     1 ||     1
